MWL
DECATUR COMMODORES @ BURLINGTON BEES
05/22/1982
 
TOP OF THE 1ST
Decatur Commodores batting - Pitching for Burlington Bees : LHP Rodolfo Corderi
Pitching: LHP Rodolfo Corderi
Batting: SHB Roger Holt 0-0: Called Strike
0-1: Ball
1-1: Foul Ball, location: 2F
1-2: Ball
2-2: Foul Ball, location: 2F
2-2: Ball
3-2: Ground out 1-3 (Groundball, 15S, EV 75.0 MPH)
Batting: LHB Jerry Miller 0-0: Ball
1-0: Called Strike
1-1: Ball
2-1: Fly out, F7 (Flyball, 7, EV 88.1 MPH)
Batting: SHB Rondin Johnson 0-0: Foul Ball, location: 2F
0-1: Foul Ball, location: 2F
0-2: Strikes out swinging
Top of the 1st over - 0 runs, 0 hits, 0 errors, 0 left on base; Decatur 0 - Burlington 0
BOTTOM OF THE 1ST
Burlington Bees batting - Pitching for Decatur Commodores : LHP Carlos Montaneze
Pitching: LHP Carlos Montaneze
Batting: RHB Mark Miller 0-0: Ball
1-0: SINGLE (Groundball, 4S, EV 66.3 MPH) (infield hit)
Batting: RHB Mike Quade 0-0: Ball
1-0: Foul Ball, location: 2F
1-1: Ball
2-1: Called Strike
2-2: Grounds into double play, 6-4-3 (Groundball, 6, EV 76.3 MPH)
Batting: LHB Brian Devalk 0-0: SINGLE (Line Drive, 3D, EV 96.9 MPH)
Batting: RHB Bob Gergen 0-0: Ball
1-0: Ball
2-0: Foul Ball, location: 2F
2-1: Foul Ball, location: 2F
2-2: Ball
3-2: Foul Ball, location: 2F
3-2: Base on Balls
Brian Devalk to second
Batting: LHB Pat Castiglia 0-0: Foul Ball, location: 2F
0-1: Ball
1-1: Called Strike
1-2: Strikes out swinging
Bottom of the 1st over - 0 runs, 2 hits, 0 errors, 2 left on base; Decatur 0 - Burlington 0
TOP OF THE 2ND
Decatur Commodores batting - Pitching for Burlington Bees : LHP Rodolfo Corderi
Batting: LHB David Showalter 0-0: Ball
1-0: Foul Ball, location: 2F
1-1: Ball
2-1: Foul Ball, location: 2F
2-2: Ball
3-2: Foul Ball, location: 2F
3-2: SINGLE (Groundball, 56D, EV 101.3 MPH)
Batting: SHB Daniel Wieser 0-0: Ball
1-0: Called Strike
1-1: Foul Ball, location: 2F
1-2: Ball
2-2: SINGLE (Line Drive, 8LS, EV 93.8 MPH)
David Showalter to second
Runner from 2nd tries for 3rd, SAFE, throw by CF made to third
Batting: RHB Miguelito DeLaCruz 0-0: Ball
1-0: Ball
2-0: Ball
3-0: Called Strike
3-1: Base on Balls
Daniel Wieser to second
Batting: RHB William Kelley 0-0: Swinging Strike
0-1: Fly out, F7 (Flyball, 7LM, EV 84.4 MPH)
Batting: LHB Samuel Taves 0-0: Fly out, F6 (Flyball, 56D, EV 71.9 MPH)
Batting: RHB Rafael Sanchez 0-0: SINGLE (Groundball, 6MD, EV 97.5 MPH)
David Showalter scores
Daniel Wieser to third
Miguelito DeLaCruz to second
Runner from 3rd tries for Home, SAFE, throw by CF to home
Batting: SHB Roger Holt 0-0: Foul Ball, location: 2F
0-1: Ball
1-1: Ground out U3 (Groundball, 34, EV 100.6 MPH)
Top of the 2nd over - 2 runs, 3 hits, 0 errors, 2 left on base; Decatur 2 - Burlington 0
BOTTOM OF THE 2ND
Burlington Bees batting - Pitching for Decatur Commodores : LHP Carlos Montaneze
Batting: RHB Kenneth Patterson 0-0: Called Strike
0-1: Ball
1-1: Foul Ball, location: 2F
1-2: Foul Ball, location: 2F
1-2: Strikes out swinging, 2-3 out at first.
Batting: RHB Rod Johnson 0-0: Called Strike
0-1: Ball
1-1: Called Strike
1-2: Ground out 6-3 (Groundball, 6, EV 85.6 MPH)
Batting: RHB Mike Morse 0-0: Foul Ball, location: 2F
0-1: Called Strike
0-2: Fly out, F8 (Flyball, 8RM, EV 83.8 MPH)
Bottom of the 2nd over - 0 runs, 0 hits, 0 errors, 0 left on base; Decatur 2 - Burlington 0
TOP OF THE 3RD
Decatur Commodores batting - Pitching for Burlington Bees : LHP Rodolfo Corderi
Batting: LHB Jerry Miller 0-0: Foul Ball, location: 2F
0-1: Ball
1-1: Ball
2-1: Called Strike
2-2: Ground out 4-3 (Groundball, 34, EV 80.0 MPH)
Batting: SHB Rondin Johnson 0-0: Swinging Strike
0-1: Swinging Strike
0-2: Ground out 3-1 (Groundball, 34, EV 89.4 MPH)
Batting: LHB David Showalter 0-0: Ball
1-0: Called Strike
1-1: Fly out, F2 (Popup, 2LF, EV 96.3 MPH)
Top of the 3rd over - 0 runs, 0 hits, 0 errors, 0 left on base; Decatur 2 - Burlington 0
BOTTOM OF THE 3RD
Burlington Bees batting - Pitching for Decatur Commodores : LHP Carlos Montaneze
Batting: RHB Nick Hernandez 0-0: Called Strike
0-1: SINGLE (Line Drive, 6D, EV 95.0 MPH)
Batting: RHB Mark Miller 0-0: Called Strike
0-1: Foul Ball, location: 2F
0-2: Ball
1-2: Foul Ball, location: 2F
1-2: Foul Ball, location: 2F
1-2: Grounds into double play, 6-4-3 (Groundball, 6, EV 84.4 MPH)
Batting: RHB Mike Quade 0-0: SINGLE (Groundball, 5, EV 109.4 MPH)
Batting: LHB Brian Devalk 0-0: Ball
1-0: Called Strike
1-1: Foul Ball, location: 2F
1-2: Ball
2-2: Strikes out swinging
Bottom of the 3rd over - 0 runs, 2 hits, 0 errors, 1 left on base; Decatur 2 - Burlington 0
TOP OF THE 4TH
Decatur Commodores batting - Pitching for Burlington Bees : LHP Rodolfo Corderi
Batting: SHB Daniel Wieser 0-0: Ball
1-0: Called Strike
1-1: Called Strike
1-2: SINGLE (Groundball, 56S, EV 72.5 MPH) (infield hit)
Batting: RHB Miguelito DeLaCruz 0-0: Ball
1-0: Called Strike
1-1: Called Strike
1-2: Ball
2-2: Ball
3-2: Grounds into double play, 6-4-3 (Groundball, 6, EV 83.8 MPH)
Batting: RHB William Kelley 0-0: Ball
1-0: Swinging Strike
1-1: Ground out 1-3 (Groundball, 15S, EV 66.3 MPH)
Top of the 4th over - 0 runs, 1 hit, 0 errors, 0 left on base; Decatur 2 - Burlington 0
BOTTOM OF THE 4TH
Burlington Bees batting - Pitching for Decatur Commodores : LHP Carlos Montaneze
Batting: RHB Bob Gergen 0-0: Ball
1-0: Ground out 2-3 (Groundball, 15S, EV 71.9 MPH)
Batting: LHB Pat Castiglia 0-0: Fly out, F9 (Flyball, 9LM, EV 106.3 MPH)
Batting: RHB Kenneth Patterson 0-0: Ball
1-0: Ground out 6-3 (Groundball, 6, EV 101.9 MPH)
Bottom of the 4th over - 0 runs, 0 hits, 0 errors, 0 left on base; Decatur 2 - Burlington 0
TOP OF THE 5TH
Decatur Commodores batting - Pitching for Burlington Bees : LHP Rodolfo Corderi
Batting: LHB Samuel Taves 0-0: Ground out U3 (Groundball, 3, EV 86.3 MPH)
Batting: RHB Rafael Sanchez 0-0: Fly out, F8 (Line Drive, 8LD, EV 95.0 MPH)
Batting: SHB Roger Holt 0-0: Foul Ball, location: 2F
0-1: Ball
1-1: Fly out, F8 (Flyball, 8LD, EV 92.5 MPH)
Top of the 5th over - 0 runs, 0 hits, 0 errors, 0 left on base; Decatur 2 - Burlington 0
BOTTOM OF THE 5TH
Burlington Bees batting - Pitching for Decatur Commodores : LHP Carlos Montaneze
Batting: RHB Rod Johnson 0-0: Ball
1-0: Ball
2-0: Swinging Strike
2-1: Ball
3-1: Base on Balls
Batting: RHB Mike Morse 0-0: Grounds into double play, 4-6-3 (Groundball, 4, EV 90.6 MPH)
Batting: RHB Nick Hernandez 0-0: Ball
1-0: Ball
2-0: Ground out U3 (Groundball, 3L, EV 77.5 MPH)
Bottom of the 5th over - 0 runs, 0 hits, 0 errors, 0 left on base; Decatur 2 - Burlington 0
TOP OF THE 6TH
Decatur Commodores batting - Pitching for Burlington Bees : LHP Rodolfo Corderi
Batting: LHB Jerry Miller 0-0: Ball
1-0: Called Strike
1-1: Ball
2-1: Ground out 5-3 (Groundball, 56, EV 108.1 MPH)
Batting: SHB Rondin Johnson 0-0: Ground out 6-3 (Groundball, 6, EV 104.4 MPH)
Batting: LHB David Showalter 0-0: Foul Ball, location: 2F
0-1: Ball
1-1: Ground out 6-3 (Groundball, 6, EV 91.9 MPH)
Top of the 6th over - 0 runs, 0 hits, 0 errors, 0 left on base; Decatur 2 - Burlington 0
BOTTOM OF THE 6TH
Burlington Bees batting - Pitching for Decatur Commodores : LHP Carlos Montaneze
Batting: RHB Mark Miller 0-0: Ball
1-0: Ball
2-0: Ball
3-0: Swinging Strike
3-1: Swinging Strike
3-2: Strikes out swinging
Batting: RHB Mike Quade 0-0: Foul Ball, location: 2F
0-1: Foul Ball, location: 2F
0-2: SINGLE (Groundball, 56D, EV 98.8 MPH)
Batting: LHB Brian Devalk 0-0: Called Strike
0-1: Ball
1-1: Foul Ball, location: 2F
1-2: Ball
2-2: Foul Ball, location: 2F
2-2: Foul Ball, location: 2F
2-2: Foul Ball, location: 2F
2-2: Foul Ball, location: 2F
2-2: Foul Ball, location: 2F
2-2: Ball
3-2: Base on Balls
Mike Quade to second
Batting: RHB Bob Gergen 0-0: Ball
1-0: Fly out, F8 (Flyball, 8RD, EV 101.3 MPH)
Batting: LHB Pat Castiglia 0-0: SINGLE (Groundball, 3S, EV 65.0 MPH) (infield hit)
Mike Quade to third
Brian Devalk to second
Batting: RHB Kenneth Patterson 0-0: Ball
1-0: Ball
2-0: Called Strike
2-1: Ball
3-1: Swinging Strike
3-2: Ground out 4-3 (Groundball, 4M, EV 80.6 MPH)
Bottom of the 6th over - 0 runs, 2 hits, 0 errors, 3 left on base; Decatur 2 - Burlington 0
TOP OF THE 7TH
Decatur Commodores batting - Pitching for Burlington Bees : LHP Rodolfo Corderi
Batting: SHB Daniel Wieser 0-0: Ball
1-0: Foul Ball, location: 2F
1-1: Ball
2-1: Swinging Strike
2-2: Foul Ball, location: 2F
2-2: Foul Ball, location: 2F
2-2: Ball
3-2: SINGLE (Groundball, 6D, EV 96.3 MPH)
Batting: RHB Miguelito DeLaCruz 0-0: Ground out 6-3 (Groundball, 56D, EV 86.9 MPH)
Daniel Wieser to second
Batting: RHB William Kelley 0-0: Intentional Walk
Batting: LHB Samuel Taves 0-0: Fly out, F9 (Flyball, 89M, EV 87.5 MPH)
Batting: RHB Rafael Sanchez 0-0: Called Strike
0-1: Ball
1-1: Ball
2-1: Fly out, F7 (Line Drive, 7, EV 92.5 MPH)
Top of the 7th over - 0 runs, 1 hit, 0 errors, 2 left on base; Decatur 2 - Burlington 0
BOTTOM OF THE 7TH
Burlington Bees batting - Pitching for Decatur Commodores : LHP Carlos Montaneze
Batting: RHB Rod Johnson 0-0: Ball
1-0: Called Strike
1-1: Ball
2-1: Ball
3-1: Base on Balls
Pitching: RHP Denny Schafer
Batting: RHB Mike Morse 0-0: Ball
1-0: Ball
2-0: Fly out, F9 (Line Drive, 9, EV 98.8 MPH)
Batting: RHB Nick Hernandez 0-0: Swinging Strike
0-1: Called Strike
0-2: Ball
1-2: Ball
2-2: Ball
3-2: Grounds into double play, 3-6-1 (Groundball, 3, EV 103.8 MPH)
Bottom of the 7th over - 0 runs, 0 hits, 0 errors, 0 left on base; Decatur 2 - Burlington 0
TOP OF THE 8TH
Decatur Commodores batting - Pitching for Burlington Bees : LHP Rodolfo Corderi
Batting: SHB Roger Holt 0-0: Ball
1-0: Ball
2-0: Ball
3-0: Swinging Strike
3-1: Called Strike
3-2: Base on Balls
Batting: LHB Jerry Miller 0-0: Ball
1-0: Bunt missed!
1-1: Ball
2-1: Bunted foul
2-2: Foul Ball, location: 2F
2-2: Fly out, F7 (Flyball, 7S, EV 91.9 MPH)
Batting: SHB Rondin Johnson 0-0: Called Strike
0-1: Called Strike
0-2: Ball
1-2: SINGLE (Line Drive, 4D, EV 97.5 MPH)
Roger Holt to second
Runner from 2nd tries for 3rd, SAFE, throw by CF made to third
Batting: LHB David Showalter 0-0: Ball
1-0: Ball
2-0: Swinging Strike
2-1: Fly out, F6 (Line Drive, 6, EV 61.9 MPH)
Batting: SHB Daniel Wieser 0-0: Ball
1-0: Foul Ball, location: 2F
1-1: Ball
2-1: Ball
3-1: Called Strike
3-2: Fly out, F8 (Flyball, 8RD, EV 101.9 MPH)
Top of the 8th over - 0 runs, 1 hit, 0 errors, 2 left on base; Decatur 2 - Burlington 0
BOTTOM OF THE 8TH
Burlington Bees batting - Pitching for Decatur Commodores : RHP Denny Schafer
Batting: RHB Mark Miller 0-0: Called Strike
0-1: Called Strike
0-2: Ball
1-2: Foul Ball, location: 2F
1-2: Foul Ball, location: 2F
1-2: Foul Ball, location: 2F
1-2: Fly out, F9 (Flyball, 9LD, EV 98.8 MPH)
Batting: RHB Mike Quade 0-0: Called Strike
0-1: Ground out 5-3 (Groundball, 56S, EV 72.5 MPH)
Batting: LHB Brian Devalk 0-0: Ball
1-0: Ball
2-0: Swinging Strike
2-1: Foul Ball, location: 2F
2-2: Foul Ball, location: 2F
2-2: Foul Ball, location: 2F
2-2: Ball
3-2: Foul Ball, location: 2F
3-2: Foul Ball, location: 2F
3-2: Foul Ball, location: 2F
3-2: Foul Ball, location: 2F
3-2: SINGLE (Line Drive, 78S, EV 103.1 MPH)
Batting: RHB Bob Gergen 0-0: Ball
1-0: Ball
2-0: Called Strike
2-1: Swinging Strike
2-2: Foul Ball, location: 2F
2-2: Fly out, F7 (Flyball, 7, EV 88.1 MPH)
Bottom of the 8th over - 0 runs, 1 hit, 0 errors, 1 left on base; Decatur 2 - Burlington 0
TOP OF THE 9TH
Decatur Commodores batting - Pitching for Burlington Bees : LHP Rodolfo Corderi
Batting: RHB Miguelito DeLaCruz 0-0: Called Strike
0-1: Ball
1-1: Foul Ball, location: 2F
1-2: Foul Ball, location: 2F
1-2: SINGLE (Groundball, P, EV 79.4 MPH) (infield hit)
Batting: RHB William Kelley 0-0: Foul Ball, location: 2F
0-1: SINGLE (Groundball, 6MD, EV 110.0 MPH)
Miguelito DeLaCruz to second
Batting: LHB Samuel Taves 0-0: Ball
1-0: Foul Ball, location: 2F
1-1: Called Strike
1-2: Ball
2-2: Ball
3-2: Ground out 4-3 (Groundball, 4, EV 94.4 MPH)
Miguelito DeLaCruz to third
William Kelley to second
Batting: RHB Rafael Sanchez 0-0: Ball
1-0: Ball
2-0: Foul Ball, location: 2F
2-1: Ball
3-1: Fly out, F8 (Flyball, 89D, EV 80.6 MPH)
Runner from 3rd tags up, SCORES, throw by CF
William Kelley to third
Batting: SHB Roger Holt 0-0: Ball
1-0: Swinging Strike
1-1: Ball
2-1: Foul Ball, location: 2F
2-2: Ball
3-2: Foul Ball, location: 2F
3-2: Ground out 4-3 (Groundball, 4, EV 85.0 MPH)
Top of the 9th over - 1 run, 2 hits, 0 errors, 1 left on base; Decatur 3 - Burlington 0
BOTTOM OF THE 9TH
Burlington Bees batting - Pitching for Decatur Commodores : RHP Denny Schafer
Pitching: RHP Luis Guzman
Batting: LHB Pat Castiglia 0-0: Ball
1-0: Ball
2-0: Foul Ball, location: 2F
2-1: Swinging Strike
2-2: Strikes out looking
Batting: RHB Kenneth Patterson 0-0: SINGLE (Line Drive, 78S, EV 97.5 MPH)
Batting: RHB Rod Johnson 0-0: Ball
1-0: Ball
2-0: Called Strike
2-1: Fly out, F7 (Flyball, 78M, EV 84.4 MPH)
Batting: RHB Mike Morse 0-0: Ball
1-0: Ground out 1-3 (Groundball, 13, EV 74.4 MPH)
Bottom of the 9th over - 0 runs, 1 hit, 0 errors, 1 left on base; Decatur 3 - Burlington 0
Friday, July 31st, 2020 - OOTP Baseball 21.5 Build 76